 Dungeon Crawl Stone Soup version 0.30-a0-393-g54b8e3be05 (webtiles) character file.

Game seed: 73737224184624926

3598 p00ps00p the Cleaver (level 10, -13/136 HPs)
             Began as a Hill Orc Fighter on Dec 6, 2022.
             Was an Initiate of Gozag.
             Killed from afar by Erica (20 damage)
             ... with a bolt of poison
             ... on level 8 of the Dungeon.
             The game lasted 00:13:33 (8110 turns).

p00ps00p the Cleaver (Hill Orc Fighter)             Turns: 8110, Time: 00:13:35

Health: -13/136    AC: 20    Str: 24    XL:     10   Next: 10%
Magic:  10/10      EV:  7    Int:  8    God:    Gozag
Gold:   131        SH: 16    Dex: 17    Spells: 9/9 levels left

rFire   . . .      SeeInvis .    a - +1 war axe
rCold   + . .      Faith    .    d - +0 kite shield
rNeg    + + .      Spirit   .    g - +0 chain mail
rPois   .          Reflect  +    e - +0 helmet
rElec   .          Harm     .    r - +0 cloak
rCorr   .          Rampage  .    c - +2 pair of gloves {Dex+3}
Will    .....                    w - +2 pair of boots "Eneas" {rN+}
Stlth   ..........               D - amulet of Vagu {Reflect rN+ Regen+ Dex-2 SH+5}
HPRegen 1.22/turn                l - ring of protection from cold
MPRegen 0.12/turn                h - +6 ring of dexterity

@: berserking (expiring), lethally poisoned (-13 -> -19), marked, gold aura,
very quick
A: no striking features
a: Renounce Religion, Potion Petition, Call Merchant, Bribe Branch


You were on level 8 of the Dungeon.
You worshipped Gozag.
Gozag was aware of your devotion.
You visited 1 branch of the dungeon, and saw 10 of its levels.

You collected 992 gold pieces.
You spent 828 gold pieces at shops.
You paid 33 gold pieces to Gozag.

Inventory:

Hand Weapons
 a - a +1 war axe (weapon)
Missiles
 v - 5 datura-tipped darts (quivered)
Armour
 c - a +2 pair of gloves of dexterity (worn)
 d - a +0 kite shield (worn)
 e - a +0 helmet (worn)
 g - a +0 chain mail (worn)
 r - a +0 cloak (worn)
 w - the +2 pair of boots "Eneas" (worn) {rN+}
   (You bought it in a shop on level 4 of the Dungeon)

   rN:        It protects you from negative energy.
Jewellery
 h - a +6 ring of dexterity (right hand)
 l - a ring of protection from cold (left hand)
 D - the amulet of Vagu (around neck) {Reflect rN+ Regen+ Dex-2 SH+5}
   (You bought it in a shop on level 4 of the Dungeon)

   [amulet of reflection]

   It reflects blocked missile attacks.
   Dex:       It affects your dexterity (-2).
   rN:        It protects you from negative energy.
   Regen:     It increases your rate of health regeneration.
   SH:        It affects your SH (+5).
Wands
 n - a wand of digging (3)
 o - a wand of flame (75)
 u - a wand of mindburst (19)
 x - a wand of paralysis (6)
Scrolls
 j - 2 scrolls of teleportation
 t - a scroll of noise
Potions
 f - 4 potions of lignification
 i - 2 potions of flight
 k - 2 potions of berserk rage
 m - a potion of invisibility {unknown}
 q - 3 potions of haste
 s - a potion of brilliance {unknown}
 z - 3 potions of attraction {unknown}
 A - 2 potions of magic {unknown}
 B - 3 potions of mutation {unknown}


   Skills:
 + Level 9.3 Fighting
 + Level 9.6 Axes
 + Level 8.5 Armour
 + Level 8.5 Shields


You had 9 spell levels left.
You didn't know any spells.
Your spell library contained the following spells:

 Spells                   Type           Power      Damage    Failure   Level
 Apportation              Tloc           0%         N/A       99%         1
 Freeze                   Ice            0%         1d3       99%         1
 Necrotise                Necr           0%         1d4       99%         1
 Summon Small Mammal      Summ           0%         N/A       99%         1
 Frozen Ramparts          Ice            0%         1d1       100%        3
 Hailstorm                Conj/Ice       0%         3d3       100%        3


Dungeon Overview and Level Annotations

Branches:
Dungeon (10/15)            Temple (0/1) D:4
   Lair: D:8-11         Orc: D:9-12

Altars:
Gozag
Nemelex Xobeh
Qazlal
Ru
Uskayaw
Xom
Yredelemnul
The Shining One

Shops:
D:4 =([:*   D:5 *   D:6 !   D:8 [

Annotations:
D:8 Erica


Message History

Deactivating autopickup; reactivate with Ctrl-A.
A bat zombie comes into view.
You block the orc warrior's attack.
You slice Maurice!!
Maurice is almost dead.
You hit the orc warrior but do no damage.
You slash something!
Reactivating autopickup.
You feel a bit more experienced.
You hit the orc warrior but do no damage.
The bat zombie is distracted by your dazzling golden aura.
You block Maurice's attack.
The orc is distracted by your dazzling golden aura.
Erica zaps a wand.
You suddenly lose the ability to move!
You have reached level 10!
You feel stronger.
The bat zombie is distracted by your dazzling golden aura.
The orc warrior hits you but does no damage.
Maurice hits you but does no damage.
The orc warrior unwields a +0 arbalest.
The orc warrior wields a +0 trident.
The orc warrior hits you but does no damage.
The orc warrior completely misses you.
Maurice says, "Lost something?"
Maurice hits you with a +0 dagger.
* * * LOW HITPOINT WARNING * * *
Maurice steals your scroll of vulnerability!
You can move again.
The orc shouts!
You slash Maurice!
You kill Maurice!
You barely miss the orc warrior. You hit the orc warrior.
The orc warrior is distracted by your dazzling golden aura.
The orc warrior completely misses you.
A kobold brigand comes into view.
It is wielding a +0 dagger and quivering poisoned darts.
The orc is no longer distracted by gold.
Erica gestures at you while chanting. The bolt of poison hits you!!
You are poisoned.
You die...
Your body crumbles into a pile of gold.

...... +####o$........#
.##.o..........#
..$oo@o........#
....##⌠##......# ...##
.##.....# ..##
.##....############ .## ..
♣#..oo$..........#
.##~^.....#y@.$.@...#####.####
..⌠_♣ §.y⌠..yo$....'........#
###...#~.Z#..##...K.###K..##.#
..# _o#. #................>.#
### #.o #####..########.#..#
.# .♣ ...## ..#..# ....# #
.#### #.^. ... .#... #
####..### .#.... ..#


You could see Erica, 2 orc warriors, a kobold brigand, 3 killer bees, an orc, a
bat zombie and a kobold.

Vanquished Creatures
  Maurice (D:8)
  The ghost of DeathPants the Sneak, an amateur VSEn (D:4)
  A wyvern (D:7)
  A water moccasin (D:7)
  An orc warrior (D:8)
  An ice beast (D:6)
  2 black bears
  An ogre (D:7)
  2 centaurs
  2 phantoms (D:6)
  3 necrophages (D:5)
  A bullfrog (D:6)
  2 scorpions (D:4)
  13 wights (D:8)
  4 killer bees
  A howler monkey (D:5)
  2 quasits (D:4)
  2 gnoll boudas
  2 hounds
  3 orc priests
  Terence (D:2)
  4 iguanas
  4 orc wizards
  Natasha (thrice) (D:2)
  Robin (D:2)
  12 gnolls
  4 adders
  A white imp (D:7)
  2 ufetubi
  A worm (D:3)
  14 orcs
  7 ball pythons
  4 endoplasms
  A giant cockroach (D:2)
  13 goblins
  9 hobgoblins
  7 jackals (D:1)
  2 quokkas (D:1)
  7 bats
  7 frilled lizards
  8 kobolds
  7 rats
165 creatures vanquished.

Notes
Turn   | Place    | Note
-------+----------+-------------------------------------------
     0 | D:1      | p00ps00p the Hill Orc Fighter began the quest for the Orb.
     0 | D:1      | Reached XP level 1. HP: 19/19 MP: 1/1
   172 | D:1      | Reached XP level 2. HP: 16/27 MP: 2/2
   346 | D:1      | Reached XP level 3. HP: 23/33 MP: 3/3
  1164 | D:2      | Noticed Robin
  1180 | D:2      | Killed Robin
  1181 | D:2      | Reached XP level 4. HP: 12/40 MP: 4/4
  1417 | D:2      | Noticed Terence
  1426 | D:2      | Killed Terence
  1427 | D:2      | Reached XP level 5. HP: 30/47 MP: 5/5
  1565 | D:2      | Found a stormy altar of Qazlal.
  1644 | D:2      | Noticed Natasha
  1649 | D:2      | Killed Natasha
  1751 | D:2      | Noticed Natasha
  1764 | D:2      | Killed Natasha
  2031 | D:2      | Noticed Natasha
  2037 | D:2      | Killed Natasha
  2038 | D:2      | Reached skill level 5 in Fighting
  2038 | D:2      | Reached XP level 6. HP: 56/56 MP: 6/6
  2166 | D:3      | Found a sparkling altar of Nemelex Xobeh.
  2166 | D:3      | Found an opulent altar of Gozag.
  2173 | D:3      | Became a worshipper of Gozag Ym Sagoz the Greedy
  2523 | D:4      | Found Cotops's Antique Armour Boutique.
  2537 | D:4      | Noticed DeathPants's ghost (amateur VSEn)
  2548 | D:4      | Found Kurhaiw's Weapon Shop.
  2553 | D:4      | Found a transporter.
  2559 | D:4      | Found Wokyar's Jewellery Shop.
  2674 | D:4      | Reached skill level 5 in Axes
  2709 | D:4      | Found a transporter.
  2726 | D:4      | Found Sekless's Book Shop.
  2727 | D:4      | Found a staircase to the Ecumenical Temple.
  2770 | D:4      | Found Xugrud's Assorted Antiques.
  2786 | D:4      | Reached skill level 5 in Armour
  2786 | D:4      | Reached skill level 5 in Shields
  2786 | D:4      | Reached XP level 7. HP: 41/61 MP: 7/7
  2962 | D:4      | Bought a pair of fine boots for 190 gold pieces
  2962 | D:4      | Identified the +2 pair of boots "Eneas" {rN+} (You bought
                  | it in a shop on level 4 of the Dungeon)
  2977 | D:5      | Entered Level 5 of the Dungeon
  3069 | D:5      | Found a sacrificial altar of Ru.
  3145 | D:5      | Found a basalt altar of Yredelemnul.
  3364 | D:5      | Found a hide-covered altar of Uskayaw.
  3530 | D:5      | Found Inuth's General Store.
  4182 | D:6      | Reached XP level 8. HP: 65/71 MP: 8/8
  4975 | D:6      | Found Duneoqet's Distillery.
  5413 | D:7      | Found a glowing golden altar of the Shining One.
  5469 | D:7      | Reached XP level 9. HP: 33/79 MP: 9/9
  6675 | D:4      | Bought the amulet of Vagu {Reflect rN+ Regen+ Dex-2 SH+5}
                  | for 481 gold pieces
  7090 | D:8      | Found a shimmering altar of Xom.
  7122 | D:8      | Found Gojug's Antique Armour Shoppe.
  7164 | D:8      | Bought a pair of runed gloves for 157 gold pieces
  7246 | D:8      | Noticed Erica
  7255 | D:8      | Paralysed by something for 5 turns
  7758 | D:4      | Killed DeathPants's ghost
  7977 | D:10     | Entered Level 10 of the Dungeon
  8017 | D:8      | Found a shimmering altar of Xom.
  8017 | D:8      | Found a shimmering altar of Xom.
  8021 | D:8      | Noticed Maurice
  8092 | D:8      | Found a shimmering altar of Xom.
  8092 | D:8      | Found a shimmering altar of Xom.
  8103 | D:8      | HP: 3/83 [disintegration (14)]
  8106 | D:8      | Paralysed by Erica for 2 turns
  8107 | D:8      | Reached XP level 10. HP: 6/91 MP: 10/10
  8108 | D:8      | HP: 5/136 [Maurice/+0 dagger (3)]
  8109 | D:8      | Killed Maurice
  8110 | D:8      | Killed from afar by Erica

Illustrated notes

Levels and vault maps discovered:
D:1:      psy_arrival_heroes, layout_rooms, serial_co_window_serial,
          co_window_paths_a, co_window_corner_a, co_window_corner_a,
          co_window_paths_a, co_window_corner_a, co_window_broadway_b,
          co_window_broadway_a, co_window_2corner, co_window_2corner,
          glass_columns_c, glass_columns_b, glass_columns_b, glass_columns_b,
          minivault_23, grunt_decor_mini_mirrors, grunt_decor_one_mirror
D:2:      layout_loops_cross, basic_altar, feat_on_display, uniq_natasha,
          uniq_robin, uniq_terence
D:3:      layout_rooms, grunt_temple_overflow_opulence
D:4:      layout_basic, minmay_temple_entry_gardened_gates, serial_shops, shop,
          shop, nicolae_stop_n_shop_2, shop, nicolae_shop_waterfront,
          gammafunk_ghost_stat_death
D:5:      layout_basic, mainiacjoe_overflow_catch_the_wave,
          mainiacjoe_overflow_six_doors_small, serial_shops,
          nicolae_shop_hallway_stairs
D:6:      layout_basic, serial_shops, kennysheep_mini_moat
D:7:      layout_gridville, general_overflow_altar
D:8:      layout_basic, chequers_temple_overflow_minitemple, xom_redecorated,
          lemuel_zombie_altar_kikubaaqudgha, serial_shops, shop, uniq_maurice,
          uniq_erica
D:9:      layout_rooms, fedhas_altar_2, serial_curves, eino_curves_01,
          eino_curves_03
D:10:     layout_loops_corners, grunt_qazlal_sundering, uniq_urug

Skill      XL: |  1  2  3  4  5  6  7  8  9 |
---------------+----------------------------+-----
Axes           | 3 4 5 6 7 9 |  9.6
Fighting       | 4 5 6 7 9 |  9.3
Armour         | 4 5 6 8 |  8.5
Shields        | 4 5 6 8 |  8.5

Action                   |  1- 3 |  4- 6 |  7- 9 | 10-12 || total
-------------------------+-------+-------+-------+-------++-------
Melee: War axe           |    87 |   132 |   320 |     1 ||   540
Evoke: Wand              |       |       |     1 |       ||     1
  Use: Scroll            |     4 |     5 |    10 |       ||    19
       Potion            |       |       |     7 |       ||     7
 Stab: Distracted        |       |       |     1 |       ||     1
Armor: Scale mail        |    48 |       |       |       ||    48
       Chain mail        |    33 |    88 |   284 |     3 ||   408
Dodge: Dodged            |    60 |    52 |   119 |     2 ||   233
Block: Buckler           |    23 |    26 |    69 |       ||   118
       Kite shield       |       |       |   152 |       ||   152
       Reflection        |       |       |     7 |       ||     7

Table legend: (Time is in decaauts)
 A = Elapsed time spent in this place.
 B = Non-inter-level travel time spent in this place.
 C = Inter-level travel time spent in this place.
 D = Time resting spent in this place.
 E = Time spent auto-exploring this place.
 F = Levels seen in this place.
 G = Mean time per level.
                   A        B        C        D        E       F      G
               +--------+--------+--------+--------+--------+-----+--------+
         Total |   8268 |   7581 |    687 |   1020 |   5021 |  10 |  826.8 |
       Dungeon |   8268 |   7581 |    687 |   1020 |   5021 |  10 |  826.8 |
               +--------+--------+--------+--------+--------+-----+--------+

Top non-repeatable levels by time:
     D:7: 1934 daAuts
     D:6: 1213 daAuts
     D:5: 1211 daAuts
     D:1: 1183 daAuts
     D:2: 983 daAuts
     D:4: 642 daAuts
     D:8: 593 daAuts
     D:3: 492 daAuts
     D:9: 10 daAuts
    D:10: 4 daAuts
